 Dungeon Crawl Stone Soup version 0.31-a0-195-g7586a6f1e9 (webtiles) character file.

Game seed: 9946232131296273505

368 qw the Skirmisher (level 6, -2/36 HPs)
             Began as a Deep Elf Hunter on June 24, 2023.
             Was an Initiate of Okawaru.
             Slain by a gnoll bouda
             ... wielding a +0 club
              (5 damage)
             ... on level 5 of the Dungeon.
             The game lasted 00:01:12 (3773 turns).

qw the Skirmisher (Deep Elf Hunter)                 Turns: 3773, Time: 00:01:13

Health: -2/36      AC: 10    Str: 16    XL:     6   Next: 41%
Magic:  8/8        EV: 12    Int: 14    God:    Okawaru [......]
Gold:   171        SH:  0    Dex: 14    Spells: 5/5 levels left

rFire   + + +        Y - +0 shortbow
rCold   . . .        (shield currently unavailable)
rNeg    . . .        m - +6 leather armour "Nacan" {*Slow rF+++ rCorr Dex-4}
rPois   .            (no helmet)
rElec   .            (no cloak)
rCorr   +            (no gloves)
SInv    .            h - +0 pair of boots
Will    .....        (no amulet)
Stlth   +            (no ring)
HPRegen 0.26/turn    b - +6 ring of strength
MPRegen 0.11/turn

%: slow self (1%)
@: no status effects
A: no striking features
a: Renounce Religion


You were on level 5 of the Dungeon.
You worshipped Okawaru.
Okawaru was noncommittal.
You visited 2 branches of the dungeon, and saw 6 of its levels.

You collected 171 gold pieces.


   Skills:
 - Level 2.7 Fighting
 + Level 9.1 Ranged Weapons
 - Level 3.5 Dodging
 - Level 1.2 Stealth


You had 5 spell levels left.
You didn't know any spells.
Your spell library was empty.

Inventory:

Hand Weapons
 Y - a +0 shortbow (weapon)
Armour
 f - the +0 ring mail of Calculation {rN+}
   (You found it on level 5 of the Dungeon)

   rN:        It protects you from negative energy.
 h - a +0 pair of boots (worn)
 k - a +0 ring mail
 m - the +6 leather armour "Nacan" (worn) {*Slow rF+++ rCorr Dex-4}
   (You found it on level 4 of the Dungeon)

   Dex:       It affects your dexterity (-4).
   rF:        It renders you almost immune to fire.
   rCorr:     It protects you from acid and corrosion.
   *Slow:     It may slow you when you take damage.
Jewellery
 b - a +6 ring of strength (right hand)
 g - a ring of resist corrosion
Scrolls
 a - a scroll of identify
Potions
 c - a potion of resistance
 d - a potion of enlightenment {unknown}
 e - a potion of haste
 i - a potion of might {unknown}
 j - 3 potions of curing
 l - a potion of ambrosia {unknown}

Dungeon Overview and Level Annotations

Branches:
Dungeon (5/15)             Temple (1/1) D:4

Altars:
Ashenzari
Cheibriados
Gozag
Hepliaklqana
Makhleb
Nemelex Xobeh
Okawaru
Qazlal
Sif Muna
Trog
Uskayaw
Wu Jian
Yredelemnul
Zin

Shops:
D:3 [

Annotations:
D:4 1 runed translucent door, Crazy Yiuf


Message History

You feel your attacks grow feeble. The gnoll bouda barely misses you.
You shoot an arrow. The arrow hits the gnoll bouda.
The gnoll bouda is lightly wounded.
The gnoll hits you from afar with a +0 spear of freezing.
The gnoll freezes you. The gnoll barely misses you.
The gnoll bouda closely misses you.
You shoot an arrow.
The arrow barely misses the gnoll bouda.
The arrow closely misses the gnoll.
The gnoll barely misses you. The gnoll hits you but does no damage.
The gnoll bouda hits you with a +0 club.
You shoot an arrow. The arrow hits the gnoll bouda.
The gnoll bouda is lightly wounded.
The gnoll hits you but does no damage. The gnoll closely misses you.
The gnoll bouda barely misses you.
You shoot an arrow.
The arrow hits the gnoll bouda but does no damage.
The gnoll bouda is lightly wounded.
Your attacks no longer feel as feeble.
The gnoll hits you from afar with a +0 spear of freezing.
The gnoll freezes you. The gnoll closely misses you.
The gnoll bouda closely misses you.
You shoot an arrow.
The arrow hits the gnoll bouda but does no damage.
The gnoll bouda is lightly wounded.
The gnoll closely misses you. The gnoll barely misses you.
The gnoll bouda hits you but does no damage.
You shoot an arrow.
The arrow hits the gnoll bouda but does no damage.
The gnoll bouda is lightly wounded.
The gnoll hits you but does no damage. The gnoll misses you.
The gnoll bouda hits you with a +0 club.
You shoot an arrow.
The arrow hits the gnoll bouda but does no damage.
The gnoll bouda is lightly wounded.
The gnoll completely misses you.
The gnoll hits you from afar with a +0 halberd!
The gnoll bouda hits you with a +0 club.
You die...

########
#......#
##..##.#
#..<##.#
#..###@#
#..# #g#
####
#gg..g.g#
......#..
######.#
#


You could see a gnoll bouda and 2 gnolls.

Vanquished Creatures
  An ogre (D:4)
  A phantom (D:4)
  A jelly (D:4)
  2 hounds (D:4)
  A gnoll (D:5)
  5 adders
  3 worms
  2 dart slugs (D:2)
  2 orcs
  8 bats
  5 endoplasms
  7 hobgoblins
  6 jackals (D:2)
  4 kobolds
  3 quokkas
  A ball python (D:4)
  3 frilled lizards
  5 rats
60 creatures vanquished.

Notes
Turn   | Place    | Note
-------+----------+-------------------------------------------
     0 | D:1      | qw the Deep Elf Hunter began the quest for the Orb.
     0 | D:1      | Reached XP level 1. HP: 12/12 MP: 3/3
     0 | D:1      | 0 ||| qw: Version: 0.3-a-9-g12657ce
     0 | D:1      | 0 ||| qw: Game counter: 4755
     0 | D:1      | 0 ||| qw: Always use a shield: true
     0 | D:1      | 0 ||| qw: God list: Okawaru
     0 | D:1      | 0 ||| qw: Allow faded altars: false
     0 | D:1      | 0 ||| qw: Do Orc after D:15 true
     0 | D:1      | 0 ||| qw: Do second Lair branch before Depths: true
     0 | D:1      | 0 ||| qw: Lair rune preference: random
     0 | D:1      | 0 ||| qw: Plans: Normal
     0 | D:1      | 0 ||| PLANNING D:1-11
   253 | D:1      | Reached XP level 2. HP: 16/16 MP: 4/4
   312 | D:1      | Reached skill level 6 in Ranged Weapons
   993 | D:1      | 993 ||| UPGRADING to +0 pair of boots.
   998 | D:1      | 998 ||| UPGRADING to +0 ring mail.
  1008 | D:1      | 1008 ||| DROPPING +0 leather armour.
  1009 | D:1      | 1009 ||| UPGRADING to ring of resist corrosion.
  1010 | D:1      | 1010 ||| READING scroll labelled JAXAWK LAATEU.
  1011 | D:1      | 1011 ||| DROPPING scroll of butterflies.
  1064 | D:2      | 1064 ||| STAIRDANCE
  1072 | D:1      | HP: 4/16 [adder (1)]
  1206 | D:2      | Reached XP level 3. HP: 20/20 MP: 5/5
  1575 | D:2      | Reached skill level 7 in Ranged Weapons
  1597 | D:2      | 1597 ||| FLEEEEING.
  1774 | D:2      | Found a faded altar of an unknown god.
  1936 | D:2      | Found a hazy altar of Hepliaklqana.
  1981 | D:2      | 1981 ||| READING scroll labelled WYTAOSHRE ZUASI.
  1982 | D:2      | 1982 ||| DRINKING 2 white potions.
  1983 | D:2      | 1983 ||| READING 4 scrolls of identify.
  1983 | D:2      | 1983 ||| IDENTIFYING fizzy coppery potion
  1984 | D:2      | 1984 ||| READING 3 scrolls of identify.
  1984 | D:2      | 1984 ||| IDENTIFYING purple potion
  1985 | D:2      | 1985 ||| READING 2 scrolls of identify.
  1985 | D:2      | 1985 ||| IDENTIFYING cyan potion
  1986 | D:2      | 1986 ||| DROPPING potion of berserk rage.
  2058 | D:3      | Reached XP level 4. HP: 25/25 MP: 6/6
  2270 | D:3      | Found Lyem's Antique Armour Shop.
  2278 | D:3      | 2278 ||| SHOPLISTING jewelled scale mail (198 gold, have
                  | 109).
  2278 | D:3      | 2278 ||| SHOPLISTING translucent ring mail (198 gold, have
                  | 109).
  2400 | D:3      | Found a broken altar of Ashenzari.
  2772 | D:3      | 2772 ||| UPGRADING to +6 ring of strength.
  2773 | D:3      | 2773 ||| DROPPING ring of flight.
  2774 | D:3      | 2774 ||| READING scroll labelled WUETAT SUCELA.
  2857 | D:4      | Reached skill level 8 in Ranged Weapons
  2917 | D:4      | Reached XP level 5. HP: 17/29 MP: 7/7
  2917 | D:4      | 2917 ||| FLEEEEING.
  2918 | D:4      | 2918 ||| FLEEEEING.
  2921 | D:4      | 2921 ||| FLEEEEING.
  2922 | D:4      | 2922 ||| FLEEEEING.
  2923 | D:4      | 2923 ||| FLEEEEING.
  2924 | D:4      | 2924 ||| FLEEEEING.
  2925 | D:4      | 2925 ||| FLEEEEING.
  2926 | D:4      | 2926 ||| FLEEEEING.
  2927 | D:4      | 2927 ||| FLEEEEING.
  2928 | D:4      | 2928 ||| FLEEEEING.
  2929 | D:4      | 2929 ||| FLEEEEING.
  2930 | D:4      | 2930 ||| FLEEEEING.
  2934 | D:4      | 2934 ||| FLEEEEING.
  2935 | D:4      | 2935 ||| FLEEEEING.
  2936 | D:4      | 2936 ||| FLEEEEING.
  2937 | D:4      | 2937 ||| FLEEEEING.
  2938 | D:4      | 2938 ||| FLEEEEING.
  2939 | D:4      | 2939 ||| FLEEEEING.
  2940 | D:4      | 2940 ||| FLEEEEING.
  2941 | D:4      | 2941 ||| FLEEEEING.
  2942 | D:4      | 2942 ||| FLEEEEING.
  2944 | D:4      | 2944 ||| STAIRDANCE
  3033 | D:4      | Reached skill level 9 in Ranged Weapons
  3155 | D:4      | Noticed an ogre
  3161 | D:4      | Killed an ogre
  3162 | D:4      | Reached XP level 6. HP: 33/36 MP: 8/8
  3178 | D:4      | Found a staircase to the Ecumenical Temple.
  3179 | D:4      | 3179 ||| PLANNING TEMPLE
  3179 | D:4      | 3179 ||| READING scroll labelled COTAQAH ICHIDU.
  3182 | D:4      | 3182 ||| READING 2 scrolls labelled LIKLAO ICWITAM.
  3183 | D:4      | 3183 ||| DROPPING scroll of fear.
  3184 | D:4      | 3184 ||| Stepping randomly (stuck).
  3185 | D:4      | 3185 ||| Stepping randomly (stuck).
  3186 | D:4      | 3186 ||| Stepping randomly (stuck).
  3187 | D:4      | 3187 ||| Stepping randomly (stuck).
  3188 | D:4      | 3188 ||| Stepping randomly (stuck).
  3240 | Temple   | Entered the Ecumenical Temple
  3254 | Temple   | 3254 ||| PLANNING OKAWARU WORSHIP
  3297 | Temple   | Became a worshipper of Warmaster Okawaru
  3298 | Temple   | 3298 ||| PLANNING D:1-11
  3354 | D:4      | Identified the +6 leather armour "Nacan" {*Slow rF+++ rCorr
                  | Dex-4}
  3571 | D:4      | Reached skill level 3 in Dodging
  3598 | D:4      | Found a runed translucent door.
  3599 | D:4      | Noticed Crazy Yiuf
  3702 | D:4      | 3702 ||| UPGRADING to +6 leather armour "Nacan" {*Slow
                  | rF+++ rCorr Dex-4}.
  3712 | D:4      | 3712 ||| REMOVING ring of resist corrosion.
  3713 | D:4      | 3713 ||| READING scroll labelled YVIERATSYNN.
  3743 | D:5      | Entered Level 5 of the Dungeon
  3745 | D:5      | Identified the +0 ring mail of Calculation {rN+}
  3761 | D:5      | 3761 ||| Stepping ~*~*~tactically~*~*~ (outnumbered).
  3773 | D:5      | HP: 3/36 [gnoll/+0 halberd[a gnoll bouda] (8)]
  3773 | D:5      | Slain by a gnoll bouda

Levels and vault maps discovered:
D:1:      tarquinn_simple_flora_water_b, layout_basic, patterned_corridor
D:2:      layout_loops_corners, hellmonk_ecumenical_altar_zigzags, basic_altar
D:3:      layout_basic, mainiacjoe_overflow_cross_hatched, serial_shops, shop
D:4:      layout_loops_ring, temple_fountains, uniq_crazy_yiuf_cottage
D:5:      layout_basic, uniq_edmund
Temple:   cyrus_circular_temple

Skill      XL: |  1  2  3  4  5  6 |
---------------+-------------------+-----
Ranged Weapons | 6 7 8 9 |  9.1
Fighting       | 2 |  2.7
Dodging        | 3 |  3.5
Stealth        | |  1.2

Action                     |  1- 3 |  4- 6 || total
---------------------------+-------+-------++-------
   Fire: Shortbow          |   132 |    97 ||   229
    Use: Scroll            |     5 |     4 ||     9
         Potion            |     1 |       ||     1
 Armour: Leather armour    |     4 |     5 ||     9
         Ring mail         |    22 |    10 ||    32
  Dodge: Dodged            |    34 |    35 ||    69

Table legend:
 A = Non-vault XP
 B = Vault XP
 C = Vault XP percentage of total XP
 D = Non-vault monster count
 E = Vault monster count
 F = Vault count percentage of total count
                 A         B        C        D         E       F
            +---------+---------+-------+---------+---------+-------
      Total |     526 |       0 |   0.0 |      60 |       0 |   0.0
            +---------+---------+-------+---------+---------+-------
        D:1 |      34 |       0 |   0.0 |      15 |       0 |   0.0
        D:2 |      45 |       0 |   0.0 |      19 |       0 |   0.0
        D:3 |      48 |       0 |   0.0 |      14 |       0 |   0.0
        D:4 |     384 |       0 |   0.0 |      11 |       0 |   0.0
        D:5 |      15 |       0 |   0.0 |       1 |       0 |   0.0
            +---------+---------+-------+---------+---------+-------
